 Dungeon Crawl Stone Soup version 0.25-a0-589-g1e14c549ee (webtiles) character file.

Game seed: 9771970218079303717, levelgen mode: deterministic

80773 Eurus the Thaumaturge (level 15, -16/112 HPs)
             Began as a Mummy Conjurer on Mar 10, 2020.
             Was the Champion of Ashenzari.
             Demolished by a black mamba (17 damage)
             ... on level 1 of the Snake Pit.
             The game lasted 01:46:31 (39611 turns).

Eurus the Thaumaturge (Mummy Conjurer)             Turns: 39611, Time: 01:46:32

Health: -16/112    AC: 14    Str: 15    XL:     15   Next: 24%
Magic:  21/33      EV: 18    Int: 23    God:    Ashenzari [******]
Gold:   3203       SH:  9    Dex: 14    Spells: 36/43 levels left

rFire    x . .     SeeInvis +   y - staff of energy (curse)
rCold    + . .     Gourm    .   i - +2 buckler of the Townfolk {rElec rN+ Str+4 Stlth+} (curse)
rNeg     + + +     Faith    .   L - +0 troll leather armour (curse)
rPois    ∞         Spirit   .   r - +2 helmet {Int+3} (curse)
rElec    +         Reflect  .   b - +2 cloak {MR+} (curse)
rCorr    .         Harm     .   t - +1 pair of gloves (curse)
MR       ++++.     Clarity  +   (no boots)
Stlth    +++.......             d - amulet of regeneration (curse)
HPRegen  1.08/turn              m - ring of protection from magic
MPRegen  0.23/turn              q - ring of protection from magic

@: no status effects
A: no food or potions, fire vulnerability, cold resistance 1, negative energy
resistance 3, torment resistance, unbreathing, in touch with death 1
a: Curse Item, Scrying, Transfer Knowledge, Renounce Religion


You were on level 1 of the Snake Pit.
You worshipped Ashenzari.
Ashenzari was exalted by your worship.
You were not hungry.

You visited 5 branches of the dungeon, and saw 26 of its levels.
You also visited: Ossuary.

You collected 3368 gold pieces.
You spent 165 gold pieces at shops.

Inventory:

Armour
 b - a cursed +2 cloak of magic resistance (worn)
 i - the cursed +2 buckler of the Townfolk (worn) {rElec rN+ Str+4 Stlth+}
   (You found it on level 7 of the Dungeon)

   It affects your strength (+4).
   It insulates you from electricity.
   It protects you from negative energy.
   It makes you more stealthy.
   It has a curse placed upon it.
 r - a cursed +2 helmet of intelligence (worn)
 t - a cursed +1 pair of gloves (worn)
 K - a +0 kite shield
 L - a cursed +0 troll leather armour (worn)
Magical Staves
 y - a cursed staff of energy (weapon)
Jewellery
 d - a cursed amulet of regeneration (around neck)
 m - a ring of protection from magic (left hand)
 q - a ring of protection from magic (right hand)
 u - an uncursed ring of fire
 H - an uncursed amulet of the acrobat
 J - an uncursed ring of wizardry
 M - a +2 amulet of reflection
Wands
 f - a wand of acid (22)
 g - a wand of digging (7)
 l - a wand of scattershot (8)
 s - a wand of iceblast (29)
 v - a wand of enslavement (11)
 E - a wand of random effects (68)
 F - a wand of flame (24)
 G - a wand of disintegration (30)
 I - a wand of polymorph (16)
Scrolls
 a - a scroll of enchant armour
 c - a scroll of silence
 e - 7 scrolls of remove curse
 h - 21 scrolls of identify
 j - 6 scrolls of blinking
 k - 3 scrolls of fog
 n - 6 scrolls of amnesia
 o - 8 scrolls of enchant weapon
 p - 2 scrolls of summoning
 w - 6 scrolls of teleportation
 x - 4 scrolls of magic mapping
 B - a scroll of vulnerability
 C - 2 scrolls of fear


   Skills:
 + Level 8.8 Fighting
 - Level 7.0 Armour
 - Level 6.6(9.7) Dodging
 - Level 1.5(3.6) Stealth
 + Level 8.1(11.1) Shields
 + Level 14.8 Spellcasting
 * Level 13.4 Conjurations
 + Level 6.6 Translocations


You had 36 spell levels left.
You knew the following spells:

 Your Spells              Type           Power        Failure   Level  Hunger
a - Magic Dart            Conj           ####         0%          1    N/A
b - Searing Ray           Conj           ######       1%          2    N/A
c - Iskenderun's Mystic   Conj/Tloc      ######..     1%          4    N/A

Your spell library contained the following spells:

 Spells                   Type           Power        Failure   Level  Hunger
 Shroud of Golubria       Chrm/Tloc      ####..       1%          2    N/A
 Dazzling Flash           Conj/Hex       #####.       1%          3    N/A
 Stone Arrow              Conj/Erth      #####.       1%          3    N/A
 Fulminant Prism          Conj/Hex       #####.....   2%          4    N/A
 Hailstorm                Conj/Ice       #####...     2%          4    N/A
 Portal Projectile        Hex/Tloc       ####..       3%          3    N/A
 Corona                   Hex            ###....      4%          1    N/A
 Freeze                   Ice            ###.         4%          1    N/A
 Infusion                 Chrm           ###.         4%          1    N/A
 Sandblast                Erth           ###...       4%          1    N/A
 Ensorcelled Hibernation  Hex/Ice        ###...       6%          2    N/A
 Passwall                 Tmut/Erth      ###.....     6%          2    N/A
 Slow                     Hex            ###.....     6%          2    N/A
 Song of Slaying          Chrm           ###.....     6%          2    N/A
 Confusing Touch          Hex            ###.....     12%         3    N/A
 Frozen Ramparts          Ice            ###...       12%         3    N/A
 Inner Flame              Hex/Fire       ###.....     12%         3    N/A
 Ozocubu's Armour         Chrm/Ice       ###.....     12%         3    N/A
 Spectral Weapon          Hex/Chrm       ###.....     12%         3    N/A
 Tukima's Dance           Hex            ###.....     12%         3    N/A
 Cause Fear               Hex            ###.......   38%         4    N/A
 Leda's Liquefaction      Hex/Erth       ###.......   38%         4    N/A
 Petrify                  Tmut/Erth      ###.....     38%         4    N/A
 Summon Ice Beast         Ice/Summ       ###.....     38%         4    N/A
 Lee's Rapid Deconstruct  Erth           ###.......   75%         5    N/A

Dungeon Overview and Level Annotations

Branches:
Dungeon (15/15)            Temple (1/1) D:7            Lair (6/6) D:10
 Shoals (0/4) Lair:4        Snake (2/4) Lair:2        Slime (0/5) Lair:5
    Orc (2/2) D:10         Vaults (0/5) D:14        Ossuary (visited)
    Elf: Orc:2       Depths: D:15

Altars:
Ashenzari
Cheibriados
Dithmenos
Elyvilon
Fedhas
Gozag
Hepliaklqana
Kikubaaqudgha
Makhleb
Nemelex Xobeh
Okawaru
Qazlal
Ru
Sif Muna
Trog
Uskayaw
Vehumet
Wu Jian
Xom
Yredelemnul
Zin
The Shining One
Jiyva

Shops:
D:12 *[!

Annotations:
D:13 Jorgrun
D:15 exclusions: fire dragon and sensed monster (detected)
Lair:1 exclusion: 2 oklob plants
Lair:4 exclusion: 2 oklob plants
Lair:6 2 transporters, 3 exclusions, Gall2222's ghost, journeyman HaHu
Snake:1 exclusions: 2 ice statues and sensed monster (detected)
Snake:2 Louise


Innate Abilities, Weirdness & Mutations

You do not eat or drink.
Your flesh is vulnerable to fire.
You are immune to poison.
Your flesh is cold resistant. (rC+)
You are immune to negative energy. (rN+++)
You are immune to unholy pain and torment.
You can survive without breathing.
You are in touch with the powers of death.


Message History

* * * LOW HITPOINT WARNING * * *
There is a stone staircase leading up here.
The black mamba bites you.
* * * LOW HITPOINT WARNING * * *
The black mamba barely misses you.
You climb upwards.
Level annotation: exclusions: 2 ice statues and sensed monster (detected)
There is a stone staircase leading down here.
Casting: Searing Ray (safe; 1% risk of failure)
Confirm with . or Enter, or press ? or * to list all spells.
Aiming: Searing Ray (safe; 1% risk of failure)
Press: ? - help, Shift-Dir - straight line, f - black mamba
Aim: a black mamba The searing ray hits the black mamba!
The black mamba is moderately wounded. (Press . to maintain the ray.)
The black mamba bites you!
* * * LOW HITPOINT WARNING * * *
The black mamba bites you!
You die...

##....## *#. . ##....##
##..{ . ##....## ##....
###....## ##..... *
##.....## ##.....#*
##.....#####.....##
###........##.......##
##....S...............##
#......@........#.......
##.....÷.........###.....
#.....[...........####...
#.................#####..
#..................#.....
#......(.........#...####
#....................#...
##.......(........##..##..
#........(......#..##....#


You could see a black mamba.

Vanquished Creatures
  Snorg (D:13)
  Josephine (D:11)
  An ogre mage (D:15)
  3 naga warriors
  7 hydras
  3 anacondas
  2 centaur warriors
  5 two-headed ogres
  3 tengu warriors
  5 death yaks
  A shock serpent (Snake:1)
  7 naga sharpshooters
  Sonja (D:11)
  Nergalle (Lair:3)
  An unseen horror (D:10)
  2 wizards (D:14)
  Pikel (D:6)
  An orc knight (D:10)
  A wolf spider zombie (D:15)
  A deep elf mage (D:15)
  An orc sorcerer (Orc:1)
  3 ugly things
  2 salamanders (Snake:2)
  A cyclops (D:14)
  3 manticores
  4 mana vipers
  12 black mambas
  An elephant (Lair:2)
  Maurice (D:13)
  A guardian serpent (Snake:1)
  A torpor snail (Lair:5)
  2 naga magi
  2 centaur skeletons
  2 gargoyles
  7 komodo dragons
  3 spiny frogs
  3 kobold demonologists (D:12)
  A freezing wraith (D:14)
  A polar bear (Lair:4)
  6 trolls
  A tengu conjurer (D:10)
  2 hornets
  20 blink frogs
  A blink frog (shapeshifter) (D:14)
  9 slime creatures
  10 hippogriffs
  A meliai zombie (D:15)
  Sigmund (D:5)
  A yak (shapeshifter) (D:14)
  54 yaks
  6 hungry ghosts
  5 wraiths (D:11)
  5 basilisks
  3 wyverns
  A steam dragon (D:8)
  A basilisk (shapeshifter) (D:15)
  2 vampire mosquitoes (D:11)
  10 nagas
  A soldier ant (D:12)
  An acid dragon (D:15)
  A two-headed ogre zombie (D:10)
  Duvessa (D:4)
  9 water moccasins
  6 porcupines
  2 sky beasts
  3 ice beasts
  A slave (D:6)
  15 orc warriors
  3 necrophages
  2 phantoms
  3 black bears
  5 eyes of draining
  A tengu (shapeshifter) (D:14)
  5 wolves (Lair:5)
  10 centaurs
  13 ogres
  7 crocodiles
  18 bullfrogs
  2 elf zombies (Ossuary)
  4 big kobolds
  Dowan (D:4)
  3 scorpions
  3 troll zombies (D:10)
  9 wights
  4 howler monkeys
  2 electric eels (Lair:4)
  10 crimson imps
  3 bullfrog skeletons
  A bullfrog zombie (D:12)
  2 centaur zombies
  4 hounds
  3 jellies
  A quasit (D:9)
  Crazy Yiuf (D:4)
  A human zombie (Ossuary)
  23 orc wizards
  7 orc priests
  7 iguanas
  13 worker ants
  A big kobold zombie (Ossuary)
  4 ogre zombies (D:10)
  A hound zombie (D:11)
  2 hound skeletons
  2 mummies (Ossuary)
  A howler monkey skeleton (D:6)
  4 gnolls (D:5)
  19 adders
  A shadow imp (D:8)
  An ooze (D:4)
  3 adder zombies
  3 worms
  2 dart slugs
  7 leopard geckos
  69 orcs
  6 bats
  5 giant cockroaches
  10 hobgoblins
  12 jackals
  3 quokkas
  2 ball pythons
  5 frilled lizards
  8 goblins
  A goblin skeleton (D:10)
  6 goblin zombies (D:10)
  A hobgoblin skeleton (D:10)
  12 hobgoblin zombies
  3 jackal zombies (Ossuary)
  19 kobolds
  11 kobold zombies (Ossuary)
  20 orc zombies
  6 rats
  3 rat zombies (Ossuary)
702 creatures vanquished.

Vanquished Creatures (others)
  A centaur warrior (D:13)
  6 fungi
  13 plants
20 creatures vanquished.

Grand Total: 722 creatures vanquished

Notes
Turn   | Place    | Note
-------+----------+-------------------------------------------
     0 | D:1      | Eurus the Mummy Conjurer began the quest for the Orb.
     0 | D:1      | Reached XP level 1. HP: 13/13 MP: 4/4
   280 | D:1      | Reached skill level 3 in Spellcasting
   301 | D:1      | Reached XP level 2. HP: 19/19 MP: 0/6
   305 | D:1      | Learned a level 2 spell: Searing Ray
  1235 | D:1      | Reached XP level 3. HP: 21/24 MP: 3/7
  2094 | D:3      | Reached XP level 4. HP: 30/30 MP: 5/9
  2424 | D:3      | Reached skill level 4 in Spellcasting
  2781 | D:3      | Found a shadowy altar of Dithmenos.
  2988 | D:3      | Reached skill level 1 in Fighting
  3069 | D:3      | Learned a level 4 spell: Iskenderun's Mystic Blast
  3119 | D:4      | Reached XP level 5. HP: 37/37 MP: 6/11
  3319 | D:4      | Reached skill level 5 in Conjurations
  3319 | D:4      | Reached XP level 6. HP: 44/44 MP: 3/13
  3520 | D:4      | Found a sand-covered staircase.
  3539 | Ossuary  | Entered an ossuary
  4520 | Ossuary  | Reached skill level 5 in Spellcasting
  4995 | Ossuary  | Reached XP level 7. HP: 51/51 MP: 10/14
  5515 | D:4      | Found a runed translucent door.
  5516 | D:4      | Noticed Crazy Yiuf
  5522 | D:4      | Killed Crazy Yiuf
  5742 | D:4      | Noticed Duvessa
  5742 | D:4      | Noticed Dowan
  5770 | D:4      | Killed Duvessa
  5770 | D:4      | Reached skill level 1 in Translocations
  5771 | D:4      | Killed Dowan
  6264 | D:4      | Found a sparkling altar of Nemelex Xobeh.
  6368 | D:4      | Got a slimy mace
  6383 | D:5      | Entered Level 5 of the Dungeon
  6504 | D:5      | Reached skill level 6 in Spellcasting
  6504 | D:5      | Reached XP level 8. HP: 18/60 MP: 4/17
  6729 | D:5      | Found a sparkling altar of Nemelex Xobeh.
  6729 | D:5      | Found an opulent altar of Gozag.
  7120 | D:5      | Reached skill level 1 in Armour
  7185 | D:5      | Noticed Sigmund
  8508 | D:6      | Reached skill level 7 in Spellcasting
  9135 | D:7      | Reached XP level 9. HP: 51/65 MP: 10/19
  9519 | D:7      | Noticed Pikel
  9804 | D:6      | Killed Pikel
 10286 | D:7      | Found a staircase to the Ecumenical Temple.
 10470 | Temple   | Entered the Ecumenical Temple
 10636 | Temple   | Became a worshipper of Ashenzari the Shackled
 10750 | D:7      | Found a snail-covered altar of Cheibriados.
 10843 | D:7      | Got the uncursed buckler of the Townfolk {rElec rN+ Str+4
                  | Stlth+}
 11213 | D:7      | Found a bloodstained altar of Trog.
 11356 | D:8      | Reached skill level 1 in Shields
 11486 | D:8      | Identified the cursed +0 helmet of the Sneaky Places
                  | {*Contam +Blink +Inv}
 11504 | D:8      | Reached skill level 8 in Spellcasting
 12002 | D:8      | Reached XP level 10. HP: 71/71 MP: 18/22
 12008 | D:8      | Identified the +2 buckler of the Townfolk {rElec rN+ Str+4
                  | Stlth+} (You found it on level 7 of the Dungeon)
 13017 | D:9      | Identified the +4 mace of the Vaults {venom, rF+} (You
                  | found it on level 4 of the Dungeon)
 13429 | D:9      | Reached skill level 9 in Spellcasting
 13436 | D:9      | Reached skill level 5 in Translocations
 13949 | D:10     | Entered Level 10 of the Dungeon
 13949 | D:10     | Reached * piety under Ashenzari
 14182 | D:10     | Reached skill level 5 in Shields
 15213 | D:10     | Killed an unseen horror
 15310 | D:10     | Reached XP level 11. HP: 64/77 MP: 14/24
 15602 | D:10     | Found a staircase to the Orcish Mines.
 15917 | D:10     | Found a staircase to the Lair.
 15979 | D:10     | Reached skill level 10 in Spellcasting
 16244 | D:5      | Killed Sigmund
 16359 | Lair:1   | Entered Level 1 of the Lair of Beasts
 16789 | Lair:1   | Reached ** piety under Ashenzari
 16975 | Lair:1   | Noticed an oklob plant
 17183 | Lair:1   | Noticed an oklob plant
 17524 | Lair:2   | Noticed a four-headed hydra
 18502 | Lair:2   | Killed a four-headed hydra
 18502 | Lair:2   | Reached skill level 5 in Fighting
 18589 | Lair:2   | Found a staircase to the Snake Pit.
 19313 | Lair:3   | Reached skill level 11 in Spellcasting
 19525 | Lair:3   | Noticed Nergalle
 19544 | Lair:3   | Killed Nergalle
 20148 | Lair:4   | Reached XP level 12. HP: 87/87 MP: 19/27
 20149 | Lair:4   | Reached skill level 10 in Conjurations
 20379 | Lair:4   | Reached *** piety under Ashenzari
 20381 | Lair:4   | Found a staircase to the Shoals.
 21374 | Lair:4   | Reached skill level 5 in Dodging
 21971 | Lair:5   | Noticed a death yak
 21971 | Lair:5   | Noticed a death yak
 22259 | Lair:5   | Got the uncursed leather armour of Piurph {-Tele rCorr
                  | Int+4 SInv}
 22274 | Lair:5   | Identified the +2 leather armour of Piurph {-Tele rCorr
                  | Int+4 SInv} (You found it on level 5 of the Lair of Beasts)
 22746 | Lair:5   | Reached skill level 12 in Spellcasting
 23075 | Lair:5   | Noticed a death yak
 23078 | Lair:5   | Noticed a death yak
 23300 | Lair:5   | Killed a death yak
 23343 | Lair:5   | Killed a death yak
 23464 | Lair:5   | Found a viscous altar of Jiyva.
 23465 | Lair:5   | Found a staircase to the Slime Pits.
 23597 | Lair:5   | Noticed an eight-headed hydra
 23610 | Lair:5   | Reached **** piety under Ashenzari
 23833 | Lair:5   | Killed a death yak
 23845 | Lair:5   | Killed a death yak
 24091 | Lair:6   | Entered Level 6 of the Lair of Beasts
 24475 | Lair:6   | Gained mutation: You are in touch with the powers of death.
                  | [Mummy growth]
 24475 | Lair:6   | Reached XP level 13. HP: 87/98 MP: 21/29
 24697 | Lair:6   | Found a transporter.
 24721 | Lair:6   | Noticed Gall2222's ghost (journeyman HaHu)
 24723 | Lair:6   | Identified the +7 trident of the Vulture {drain, rF+}
 24741 | Lair:6   | Found a transporter.
 24742 | Lair:6   | Found a bloodstained altar of Trog.
 25678 | Lair:6   | Identified the +8 quarterstaff of the Dove {freeze, rF+}
 25896 | Lair:5   | Reached skill level 13 in Spellcasting
 26073 | Orc:1    | Entered Level 1 of the Orcish Mines
 26969 | Orc:1    | Reached ***** piety under Ashenzari
 27054 | Orc:2    | Entered Level 2 of the Orcish Mines
 27063 | Orc:2    | Noticed an orc warlord
 27692 | D:11     | Noticed Josephine
 28096 | D:11     | Noticed Sonja
 28106 | D:11     | Killed Sonja
 28518 | D:11     | Killed Josephine
 28611 | D:11     | Reached skill level 5 in Armour
 29476 | D:12     | Found Lotemm's Armour Shop.
 30435 | D:12     | Found Miuq's Assorted Antiques.
 30912 | D:12     | Found Kadoben's Distillery.
 31003 | D:12     | Reached XP level 14. HP: 80/105 MP: 15/31
 31652 | D:13     | Noticed Maurice
 31664 | D:13     | Killed Maurice
 32100 | D:13     | Noticed Jorgrun
 32552 | D:13     | Noticed Snorg
 32570 | D:13     | Killed Snorg
 33659 | D:14     | Reached skill level 14 in Spellcasting
 34088 | D:14     | Found a gate to the Vaults.
 34489 | D:15     | Entered Level 15 of the Dungeon
 36269 | D:12     | Bought a +1 helmet of intelligence for 165 gold pieces
 36289 | D:12     | Identified the cursed +1 hand axe of Nuchyd Alub {vorpal,
                  | Str+4} (You found it on level 8 of the Dungeon)
 36289 | D:12     | Identified the +8 quarterstaff of Hard Scrabble {drain,
                  | Str+2} (You found it on level 8 of the Dungeon)
 36289 | D:12     | Identified the +4 chain mail of Fithrekku {-Cast Str+6
                  | Slay+6}
 36479 | Snake:1  | Entered Level 1 of the Snake Pit
 36807 | Snake:1  | Found a bloodstained altar of Trog.
 36829 | Snake:1  | Found a frozen archway.
 37159 | Snake:1  | Reached ****** piety under Ashenzari
 37742 | Snake:1  | Reached XP level 15. HP: 112/112 MP: 18/33
 39489 | Snake:2  | Noticed Louise
 39611 | Snake:1  | HP: 1/112 [black mamba (13)]
 39611 | Snake:1  | Demolished by a black mamba

Levels and vault maps discovered:
D:1:      moated_graveyard_arrival, layout_loops_ring
D:2:      layout_rooms, kennysheep_generic_room_5
D:3:      layout_rooms, nicolae_dithmenos_through_a_glass_darkly
D:4:      kennysheep_spiral_hall, layout_basic,
          nicolae_ossuary_entry_false_entrances, hangedman_decor_slide_cut,
          minivault_11, nemelex_dance_club_becter, uniq_duvessa,
          uniq_crazy_yiuf_cottage
D:5:      layout_cave_pools, grunt_temple_overflow_opulence, first_ration,
          uniq_sigmund
D:6:      layout_rooms, chequers_serial_rivers_room_a, chequers_garden
D:7:      layout_loops_ring, marbit_many_paths, overflow_temple_1_default,
          minmay_temple_entry_ruins, uniq_pikel
D:8:      minmay_bloctagon_deflated, layout_basic
D:9:      layout_long_grid
D:10:     layout_loops_cross, david_lair_shrubbed, zombieorc2_lemuel,
          grunt_tengu_nest
D:11:     layout_stronghold, uniq_josephine, uniq_sonja
D:12:     layout_long_grid, serial_shops, kennysheep_little_box,
          nicolae_shop_statue_plus, shop, grunt_ministairs_8, nooodl_food_tri
D:13:     layout_roguey, uniq_maurice, uniq_snorg, uniq_jorgrun
D:14:     layout_loops_cross, david_vaults_2, hangedman_decor_points
D:15:     grunt_enter_depths_hoard, layout_cave_pools,
          hangedman_abyss_or_decor_jellyfish_corner
Temple:   regret_index_temple_mists
Lair:1:   layout_gridlike, minmay_hedge_maze, chequers_serial_rivers_small_a,
          lemuel_fruit_tree, minmay_lair_oklob_chamber
Lair:2:   layout_roguey, dummy_snake_entry, infiniplex_staircase_pool_2
Lair:3:   layout_roguey, serial_bayou_shore_b, uniq_nergalle
Lair:4:   dpeg_oklob_gauntlet, layout_cave_shapes, elwin_shoals_entry_rocks
Lair:5:   layout_cave_pods, slime_altar_1, enter_volcano_4
Lair:6:   evilmike_catoblepas_cave, layout_regular_city,
          gammafunk_ghost_wrathful_warriors
Snake:1:  nicolae_snake_nest, layout_onion, basic_altar,
          portal_ice_cave_entry_ice_statue_two, fake_guardian_serpent_vault,
          uniq_aizul
Snake:2:  layout_chambers, serial_bayou_shore_b, serial_bayou_shore_b,
          minmay_shoptagon, uniq_louise, uniq_vashnia
Orc:1:    layout_caves
Orc:2:    grunt_orc_gardens, layout_diamond_mine, grunt_orc_garden,
          grunt_orc_garden, grunt_orc_garden, grunt_orc_garden,
          ebering_ghost_rock_garden, serial_shops, nicolae_shop_crystal,
          nicolae_orc_sculptors_studio

Skill      XL: |  1  2  3  4  5  6  7  8  9 10 11 12 13 14 15 |
---------------+----------------------------------------------+-----
Spellcasting   | 3 4 5 6 7 8 9 11 12 13 14 | 14.8
Conjurations   | 4 5 6 7 8 9 10 12 13 | 13.4
Fighting       | 1 2 3 4 5 7 8 |  8.8
Translocations | 1 3 4 5 6 |  6.6
Armour         | 2 3 4 5 6 7 |  7.0
Shields        | 3 5 6 7 8 |  8.1
Dodging        | 4 6 |  6.6
Stealth        | |  1.5

Action                   |  1- 3 |  4- 6 |  7- 9 | 10-12 | 13-15 || total
-------------------------+-------+-------+-------+-------+-------++-------
Melee: Unarmed           |     1 |       |       |       |       ||     1
       Dagger            |    31 |    83 |    55 |    45 |       ||   214
       Mace              |       |       |       |   111 |    55 ||   166
       Staff             |       |       |       |       |     5 ||     5
 Cast: Magic Dart        |    62 |    88 |    14 |    80 |   143 ||   387
       Searing Ray       |     5 |    29 |    82 |   216 |   343 ||   675
       Iskenderun's Myst |       |       |       |     3 |    36 ||    39
Invok: Curse Item        |       |       |     3 |     2 |     2 ||     7
  Use: Scroll            |       |     6 |     4 |     9 |     2 ||    21
 Stab: Sleeping          |     1 |     2 |     1 |     2 |     2 ||     8
       Distracted        |       |       |       |     1 |       ||     1
Armor: Robe              |    13 |    49 |    53 |    77 |    56 ||   248
       Leather armour    |       |       |       |    20 |    37 ||    57
       Troll leather arm |       |       |       |       |    81 ||    81
Dodge: Dodged            |    36 |    99 |    99 |   279 |   436 ||   949
Block: Buckler           |       |       |       |   168 |   311 ||   479

Table legend:
 A = Non-vault XP
 B = Vault XP
 C = Vault XP percentage of total XP
 D = Non-vault monster count
 E = Vault monster count
 F = Vault count percentage of total count
                 A         B        C        D         E       F
            +---------+---------+-------+---------+---------+-------
      Total |  101784 |   13607 |  11.8 |     584 |     118 |  16.8
            +---------+---------+-------+---------+---------+-------
        D:1 |      42 |       0 |   0.0 |      26 |       0 |   0.0
        D:2 |      46 |       3 |   6.1 |      10 |       2 |  16.7
        D:3 |     144 |       0 |   0.0 |      33 |       0 |   0.0
        D:4 |     409 |     316 |  43.6 |      23 |       6 |  20.7
        D:5 |     631 |     223 |  26.1 |      18 |       1 |   5.3
        D:6 |     856 |     651 |  43.2 |      15 |       1 |   6.2
        D:7 |     727 |       3 |   0.4 |      18 |       1 |   5.3
        D:8 |    1207 |     394 |  24.6 |      34 |       3 |   8.1
        D:9 |    2630 |       0 |   0.0 |      31 |       0 |   0.0
       D:10 |    3879 |    1522 |  28.2 |      48 |      38 |  44.2
       D:11 |    3934 |    3738 |  48.7 |      27 |      10 |  27.0
       D:12 |    7660 |     622 |   7.5 |      43 |       5 |  10.4
       D:13 |    4658 |    1578 |  25.3 |      28 |       2 |   6.7
       D:14 |    9645 |     589 |   5.8 |      30 |       3 |   9.1
       D:15 |    9995 |       0 |   0.0 |      25 |       0 |   0.0
     Lair:1 |     338 |       0 |   0.0 |       3 |       0 |   0.0
     Lair:2 |    5547 |       0 |   0.0 |      18 |       0 |   0.0
     Lair:3 |    2147 |     785 |  26.8 |      11 |       1 |   8.3
     Lair:4 |    5345 |       0 |   0.0 |      24 |       0 |   0.0
     Lair:5 |   11112 |       0 |   0.0 |      39 |       0 |   0.0
     Lair:6 |    6680 |    1398 |  17.3 |      21 |       2 |   8.7
    Snake:1 |   13564 |     457 |   3.3 |      25 |       1 |   3.8
    Snake:2 |    8985 |       0 |   0.0 |      17 |       0 |   0.0
      Orc:1 |    1423 |     992 |  41.1 |      12 |       3 |  20.0
      Orc:2 |     180 |       0 |   0.0 |       5 |       0 |   0.0
    Ossuary |       0 |     336 | 100.0 |       0 |      39 | 100.0
            +---------+---------+-------+---------+---------+-------
